Map: Bel'Shir Vestige LE (Void)

Players

Maplez - Winner!

  • Race: Protoss Protoss
  • Spawn Location: 5:00

omgabanana

  • Race: Protoss Protoss
  • League: Master
  • Spawn Location: 11:00

VOD

Have the link to the VOD?

Description

Time

  • Played on: Jan. 26, 2017, 6:31 p.m.
  • Length: 13:04
Show
View Real Time Build Order
Export as new Build Order

Maplez Protoss - Winner!

Build Orders:  

Get SALT Encoding   

  12  0:00  Probe (Chrono Boost)  
  13  0:11  Probe (Chrono Boost)  
  14  0:17  Pylon  
  14  0:22  Probe (Chrono Boost)  
  15  0:35  Probe (Chrono Boost)  
  16  0:36  Gateway  
  16  0:45  Probe (Chrono Boost)  
  16  0:47  Assimilator  
  17  0:51  Assimilator  
  17  0:56  Probe (Chrono Boost)  
  18  1:03  Gateway  
  18  1:07  Probe (Chrono Boost)  
  19  1:17  Probe (Chrono Boost)  
  20  1:23  Cybernetics Core  
  20  1:28  Probe (Chrono Boost)  
  21  1:32  Pylon  
  21  1:38  Probe (Chrono Boost)  
  22  1:46  Warp Gate  
  22  1:49  Probe (Chrono Boost)  
  23  1:59  Stalker x2  
  23  2:01  Probe (Chrono Boost)  
  28  2:14  Mothership Core (Chrono Boost)  
  28  2:15  Pylon  
  30  2:33  Stalker x2  
  30  2:34  Probe (Chrono Boost)  
  35  2:49  Probe (Chrono Boost)  
  36  3:01  Probe (Chrono Boost)  
  37  3:10  Nexus  
  37  3:13  Pylon  
  37  3:17  Probe (Chrono Boost)  
  38  3:28  Robotics Facility  
  38  3:33  Probe (Chrono Boost)  
  39  3:43  Twilight Council  
  39  3:44  Probe (Chrono Boost)  
  40  3:52  Sentry x2  
  40  3:54  Probe (Chrono Boost)  
  45  4:05  Pylon, Probe (Chrono Boost)  
  46  4:15  Probe (Chrono Boost)  
  47  4:23  Stalker x2  
  47  4:26  Probe (Chrono Boost)  
  46  4:33  Pylon, Immortal  
  50  4:52  Pylon  
  47  4:54  Stalker x2  
  51  5:03  Probe (Chrono Boost)  
  51  5:04  Probe (Chrono Boost)  
  53  5:11  Blink  
  51  5:18  Stalker  
  51  5:19  Stalker  
  51  5:25  Probe (Chrono Boost)  
  51  5:27  Probe (Chrono Boost)  
  52  5:36  Probe (Chrono Boost)  
  52  5:37  Assimilator  
  52  5:39  Probe (Chrono Boost)  
  52  5:42  Stalker x2  
  56  5:46  Probe (Chrono Boost), Gateway  
  60  5:51  Probe (Chrono Boost)  
  61  5:57  Probe (Chrono Boost)  
  61  5:58  Pylon  
  61  6:01  Immortal  
  61  6:03  Probe (Chrono Boost)  
  66  6:11  Adept x2  
  70  6:22  Probe (Chrono Boost)  
  64  6:34  Adept x2, Probe (Chrono Boost)  
  64  6:36  Probe (Chrono Boost)  
  68  6:44  Warp Prism  
  68  6:46  Probe x2 (Chrono Boost)  
  71  6:55  Sentry, Gateway  
  71  6:56  Sentry x2  
  71  6:59  Probe (Chrono Boost)  
  78  7:05  Pylon  
  78  7:08  Pylon  
  78  7:21  Observer  
  78  7:24  Probe (Chrono Boost)  
  78  7:25  Probe (Chrono Boost)  
  78  7:26  Nexus  
  81  7:30  Pylon  
  81  7:34  Probe (Chrono Boost)  
  83  7:37  Probe (Chrono Boost)  
  83  7:41  Resonating Glaives, Stalker x2  
  83  7:43  Observer, Stalker  
  89  7:45  Probe (Chrono Boost)  
  89  7:49  Probe (Chrono Boost)  
  92  7:57  Probe (Chrono Boost)  
  93  8:01  Probe (Chrono Boost)  
  92  8:09  Probe (Chrono Boost)  
  91  8:13  Stalker x2  
  91  8:14  Stalker x2  
  91  8:17  Forge  
  91  8:18  Probe (Chrono Boost)  
  100  8:31  Probe (Chrono Boost)  
  100  8:33  Robotics Bay, Probe (Chrono Boost)  
  102  8:35  Assimilator  
  86  9:03  Protoss Ground Weapons Level 1  
  86  9:04  Adept x3  
  86  9:05  Adept  
  86  9:09  Probe (Chrono Boost)  
  84  9:17  Probe (Chrono Boost)  
  84  9:18  Probe (Chrono Boost)  
  84  9:20  Disruptor  
  84  9:21  Probe (Chrono Boost)  
  84  9:22  Gateway  
  82  9:26  Gateway x2  
  82  9:29  Robotics Facility, Probe (Chrono Boost)  
  82  9:31  Probe (Chrono Boost)  
  85  9:44  Probe (Chrono Boost)  
  82  9:47  Stalker x3, Probe (Chrono Boost)  
  83  9:56  Probe x2 (Chrono Boost)  
  83  9:57  Assimilator  
  81  10:00  Assimilator  
  81  10:04  Pylon  
  81  10:05  Pylon  
  80  10:07  Probe (Chrono Boost)  
  80  10:10  Stalker x4  
  88  10:16  Probe (Chrono Boost)  
  88  10:19  Probe (Chrono Boost)  
  88  10:34  Probe (Chrono Boost)  
  81  10:41  Probe (Chrono Boost)  
  76  10:48  Probe (Chrono Boost)  
  75  10:52  Stalker x4  
  75  10:53  Stalker x3  
  89  11:00  Probe x2 (Chrono Boost)  
  91  11:04  Pylon  
  91  11:11  Probe (Chrono Boost)  
  89  11:17  Adept x6  
  89  11:18  Adept  
  88  11:31  Immortal x2  
  92  11:44  Gateway  
  89  11:52  Adept x4  
  90  12:02  Probe (Chrono Boost)  
  90  12:04  Pylon  
  90  12:15  Stalker  
  90  12:16  Stalker x3  
  90  12:18  Pylon  
  90  12:20  Pylon  
  90  12:21  Mothership Core (Chrono Boost)  
  99  12:25  Immortal x2, Adept x3  
  97  12:40  Stalker  
  97  12:41  Stalker x2  
  103  12:50  Stalker x2  
  103  13:01  Stalker x2  
Show
View Real Time Build Order
Export as new Build Order

omgabanana Protoss 

Build Orders:  

Get SALT Encoding   

  12  0:02  Probe (Chrono Boost)  
  13  0:12  Probe (Chrono Boost)  
  14  0:18  Pylon  
  14  0:23  Probe (Chrono Boost)  
  15  0:36  Probe (Chrono Boost)  
  15  0:38  Gateway  
  15  0:42  Assimilator  
  16  0:47  Probe (Chrono Boost)  
  17  0:51  Assimilator  
  17  0:57  Probe (Chrono Boost)  
  18  1:04  Gateway  
  18  1:09  Probe (Chrono Boost)  
  19  1:19  Probe (Chrono Boost)  
  19  1:25  Cybernetics Core  
  20  1:30  Probe (Chrono Boost)  
  20  1:32  Pylon  
  21  1:40  Probe (Chrono Boost)  
  22  1:50  Warp Gate  
  22  1:51  Probe (Chrono Boost)  
  23  2:01  Stalker x2  
  27  2:09  Pylon  
  27  2:21  Mothership Core (Chrono Boost)  
  29  2:31  Stalker  
  29  2:35  Stalker  
  33  2:41  Gateway  
  33  3:04  Nexus  
  33  3:17  Stalker x2  
  37  3:45  Pylon  
  38  3:56  Probe (Chrono Boost)  
  38  4:03  Stalker x2  
  38  4:04  Stalker  
  38  4:08  Probe (Chrono Boost)  
  45  4:20  Probe (Chrono Boost)  
  44  4:24  Probe (Chrono Boost)  
  44  4:28  Stalker x2  
  44  4:29  Stalker  
  46  4:47  Probe (Chrono Boost)  
  46  4:49  Probe (Chrono Boost)  
  46  4:52  Stalker x2  
  51  4:54  Stalker  
  51  4:59  Probe (Chrono Boost)  
  54  5:05  Pylon  
  46  5:22  Stalker x3  
  46  5:26  Probe x2 (Chrono Boost)  
  52  5:37  Probe x2 (Chrono Boost)  
  52  5:41  Twilight Council  
  54  5:46  Adept x2  
  54  5:47  Adept  
  54  5:49  Probe (Chrono Boost)  
  61  5:56  Probe (Chrono Boost)  
  62  5:57  Pylon  
  62  6:03  Probe (Chrono Boost)  
  63  6:06  Probe (Chrono Boost)  
  64  6:12  Blink  
  64  6:13  Probe (Chrono Boost)  
  65  6:21  Probe (Chrono Boost), Sentry x2  
  65  6:24  Assimilator  
  65  6:25  Probe (Chrono Boost)  
  69  6:26  Assimilator  
  69  6:32  Probe (Chrono Boost)  
  68  6:37  Pylon  
  68  6:38  Probe (Chrono Boost)  
  69  6:40  Pylon  
  69  6:42  Probe (Chrono Boost)  
  69  6:46  Sentry  
  70  6:52  Pylon  
  70  6:54  Pylon  
  70  6:56  Probe (Chrono Boost)  
  70  6:57  Probe (Chrono Boost)  
  70  7:00  Pylon, Robotics Facility  
  73  7:09  Probe (Chrono Boost)  
  73  7:17  Gateway  
  73  7:18  Gateway  
  73  7:19  Sentry  
  73  7:20  Sentry, Gateway  
  73  7:22  Gateway  
  77  7:23  Sentry  
  77  7:28  Pylon  
  79  7:42  Pylon  
  79  7:44  Pylon  
  79  7:45  Stalker x2  
  79  7:47  Stalker  
  83  8:09  Stalker x2  
  83  8:10  Warp Prism, Stalker  
  85  8:26  Sentry x3, Stalker  
  91  8:33  Stalker  
  93  8:34  Pylon, Stalker  
  93  8:36  Zealot  
  91  8:54  Stalker x3  
  81  9:04  Stalker x2  
  81  9:05  Stalker  
  81  9:06  Stalker  
  67  9:19  Stalker x2  
  67  9:20  Stalker  
  65  9:31  Stalker x2  
  65  9:32  Zealot x2  
  65  9:42  Stalker  
  61  9:49  Stalker x2  
  65  10:03  Stalker x2  
  65  10:04  Stalker x2  
  73  10:18  Stalker  
  73  10:19  Stalker x2  
  67  10:51  Stalker x6  
  67  10:52  Stalker  
  71  11:23  Stalker x5  
  71  11:24  Stalker x2  
  75  11:59  Stalker x4  
  75  12:00  Stalker x2  
  79  12:03  Stalker  
  73  12:36  Stalker x3  
  73  12:37  Stalker x2  
Tags
 
Add a new tag
Caveats
  • Supply blocks, unpowered buildings, or Contaminate may cause inaccurate times.
  • Supply counts are checked every 10 seconds.